Cogmind - Beta 15 @@@ ROGUE MODE // 2025.07.21 @ 14:00:02 Player: Sunsh1n3 Result: Destroyed by G-50 Soldier with Heavy Laser Performance ------------- Evolutions (2) 1000 Regions Visited (4) 800 Robots Destroyed (26) 130 Value Destroyed (974) 974 Prototype IDs (2) 40 Alien Tech Used (0) 0 Bonus (0) 0 TOTAL SCORE: 2944 Bonus ------- None Cogmind --------- Core Integrity 0/550 Matter 208/300 Energy 99/100 System Corruption 0% Temperature Cool (35) Movement Walking (120) Location -8/Materials Parts ------- > --- POWER (1) -------- (None) > --- PROPULSION (4) --- Improved Aluminum Leg > --- UTILITY (3) ------ Small Storage Unit Improved Signal Interpreter Terrain Scan Processor > --- WEAPON (3) ------- High-powered Shotgun > --- INVENTORY (8) ---- Light Treads Light Treads Aluminum Leg Aluminum Leg Peak State ------------ > --- POWER ------------ Light Nuclear Core > --- PROPULSION ------- Aluminum Leg Aluminum Leg Aluminum Leg Aluminum Leg > --- UTILITY ---------- Small Storage Unit Improved Signal Interpreter Terrain Scan Processor > --- WEAPON ----------- Cooled Particle Cannon Light Assault Rifle Rocket Launcher > --- INVENTORY -------- Light Treads Light Treads Aluminum Leg Aluminum Leg Aluminum Leg Aluminum Leg Heavy Particle Gun Light Assault Rifle [Rating: 22] Favorites ----------- Power Light Nuclear Core Engine Ion Engine Power Core Light Nuclear Core Propulsion Aluminum Leg Leg Aluminum Leg Utility Small Storage Unit Storage Small Storage Unit Processor Terrain Scan Processor Weapon Light Assault Rifle Energy Gun Small Laser Energy Cannon Cooled Particle Cannon Ballistic Gun Light Assault Rifle Launcher Rocket Launcher Build | -11 -10 -10 -9 -8 ------- Run | Yrd Mat Min Mat Mat Slots Evolved 4 | . . . 2 2 Power . | . . . . . Propulsion 2 | . . . 2 . Utility 1 | . . . . 1 Weapon 1 | . . . . 1 Parts Attached 33 | 6 4 . 13 10 Power 6 | 1 2 . 2 1 Engine 4 | 1 1 . 2 . Core 2 | . 1 . . 1 Reactor . | . . . . . Propulsion 15 | 2 2 . 9 2 Treads . | . . . . . Leg 15 | 2 2 . 9 2 Wheel . | . . . . . Hover . | . . . . . Flight . | . . . . . Utility 3 | 1 . . 1 1 Device . | . . . . . Storage 1 | 1 . . . . Processor 2 | . . . 1 1 Hackware . | . . . . . Protection . | . . . . . Artifact . | . . . . . Weapon 9 | 2 . . 1 6 Energy Gun 2 | . . . 1 1 Energy Cannon 1 | . . . . 1 Ballistic Gun 5 | 2 . . . 3 Ballistic Cannon . | . . . . . Launcher 1 | . . . . 1 Special Weapon . | . . . . . Impact Weapon . | . . . . . Slashing Weapon . | . . . . . Piercing Weapon . | . . . . . Special Melee Weapon . | . . . . . Unidentified Prototypes 2 | . . . . 2 Parts Lost 19 | . 3 . 3 13 Power 4 | . 2 . 1 1 Propulsion 8 | . 1 . 1 6 Utility . | . . . . . Weapon 7 | . . . 1 6 Highest Loss Streak 10 | . 2 . 2 10 To Critical Strikes 1 | . . . . 1 Average Backups 6 | 1 5 8 6 6 Power . | . 1 1 . . Propulsion 4 | . 4 6 5 5 Utility . | . . . . . Weapon . | . . . 1 . Tool/Special . | . . . . . Unused Backups 3 | . 1 . . 2 Power 1 | . 1 . . . Propulsion 2 | . . . . 2 Utility . | . . . . . Weapon . | . . . . . Tool/Special . | . . . . . Average Slot Usage (%) 85 | . 84 85 97 76 Engine 5 | . 8 . 5 2 Core 4 | . 4 14 5 3 Leg 32 | . 27 28 43 27 Storage 11 | . 14 14 11 9 Processor 7 | . . . 9 14 Energy Gun 4 | . . . 7 6 Energy Cannon 1 | . . . . 6 Ballistic Gun 16 | . 28 28 14 4 Peak Build Rating 22 | 6 8 8 12 22 Average Rating 10 | 4 6 8 10 15 On Entrance 6 | . 6 8 8 10 Naked Turns . | . . . . . Heaviest Build 22 | 11 13 13 13 22 Greatest Support 40 | 20 20 20 40 40 Greatest Overweight (x) 5 | . 1 . . 5 Average Overweight (x) . | . . . . . Largest Inventory Capacity 8 | 8 8 8 8 8 Average Capacity 7 | 6 8 8 8 8 Most Carried 8 | 3 8 8 8 8 Average Carried 6 | 1 5 7 6 6 Final Capacity 8 | 8 8 8 8 8 Final Carried 8 | 3 8 8 8 4 Class Distribution -------------------- 51% | Mutant 34% | Scavenger-Mutant 14% | Scavenger-Gunner Dominant Class ---------------- Mutant | -10/Materials Mutant | -10/Mines Scavenger-Mutant | -9/Materials Scavenger-Gunner | -8/Materials Resources | -11 -10 -10 -9 -8 ----------- Run | Yrd Mat Min Mat Mat Matter Collected 646 | 98 112 . 320 116 Remotely . | . . . . . Salvage Created 849 | . 205 . 434 210 Parts 54 | . 14 . 26 14 Haulers Intercepted . | . . . . . Recyclers Shooed 2 | . 1 . . 1 Parts Field Recycled . | . . . . . Retrieved Matter . | . . . . . Parts Self-Destructed . | . . . . . Prevented . | . . . . . Kills | -11 -10 -10 -9 -8 ------- Run | Yrd Mat Min Mat Mat Combat Hostiles Destroyed 25 | . 7 . 10 8 Melee 1 | . . . . 1 Guns 21 | . 7 . 10 4 AOE 3 | . . . . 3 Classes Destroyed 6 | . 2 . 1 3 Builder 1 | . . . . 1 Swarmer 6 | . 3 . . 3 Grunt 16 | . 4 . 9 3 Duelist 1 | . . . . 1 Sentry 1 | . . . 1 . Hunter 1 | . . . . 1 Best Kill Streak 4 | . 3 . 4 2 Combat Bots Only 4 | . 3 . 4 2 Max Kills in Single Turn 1 | . 1 . 1 1 Gunslinging . | . . . . . Exploded 1 | . . . . 1 Melee 1 | . . . . 1 Uniques/NPCs Destroyed . | . . . . . Combat | -11 -10 -10 -9 -8 -------- Run | Yrd Mat Min Mat Mat Hostile Shots Fired 294 | . 64 . 79 151 Missed 89 | . 15 . 27 47 Hits 205 | . 49 . 52 104 Melee 4 | . . . . 4 Projectile 201 | . 49 . 52 100 Critical Strikes 5 | . 1 . 1 3 Damage Taken 2924 | . 540 . 619 1765 Core 790 | . 95 . 132 563 Absorbed by Shields . | . . . . . Core Remaining (%) 76 | 100 . 62 67 . Volleys Fired 84 | . 24 . 32 28 Largest 3 | . 2 . 2 3 Hottest 105 | . 40 . 60 105 Shots Fired 173 | . 48 . 63 62 Gun 144 | . 48 . 63 33 Cannon 17 | . . . . 17 Launcher 12 | . . . . 12 Special . | . . . . . Kinetic 109 | . 48 . 40 21 Thermal 52 | . . . 23 29 Explosive 12 | . . . . 12 Electromagnetic . | . . . . . Robot Hit Streak 15 | . 6 . 15 7 Robot Miss Streak 4 | . 3 . 2 4 Penetration Max . | . . . . . Secondary Targets 2 | . 1 . 1 . Max Gunslinging Chain 1 | . 1 . 1 . Shots Hit Robots 106 | . 33 . 44 29 Core Hits 58 | . 15 . 22 21 Critical Kills . | . . . . . Critical Parts Destroyed . | . . . . . Critical Strikes . | . . . . . Melee Attacks . | . . . . . Impact . | . . . . . Slashing . | . . . . . Piercing . | . . . . . Sneak Attacks . | . . . . . Combat Hostiles . | . . . . . Follow-up Attacks . | . . . . . Damage Inflicted 1891 | . 381 . 444 1066 Guns 1170 | . 380 . 444 346 Cannons 134 | . . . . 134 Explosions 546 | . . . . 546 Melee . | . . . . . Ramming 41 | . 1 . . 40 Kinetic 843 | . 380 . 254 209 Thermal 461 | . . . 190 271 Explosive 546 | . . . . 546 Electromagnetic . | . . . . . Impact . | . . . . . Slashing . | . . . . . Piercing . | . . . . . Highest Corruption 2 | . . . 2 . Average Corruption 1 | . . . 1 . Corruption Purged . | . . . . . Corruption Blocked . | . . . . . Overload Shots . | . . . . . Overflow Damage 232 | . . . . 232 Projectiles 11 | . . . . 11 Explosions 221 | . . . . 221 Melee . | . . . . . Knockbacks . | . . . . . Impact . | . . . . . Kinetic . | . . . . . Secondary . | . . . . . Self-Inflicted Damage 223 | . . . . 223 Shots 5 | . . . . 5 Rammed . | . . . . . Targets Rammed 14 | . 1 . . 13 Kicked 14 | . 1 . . 13 Crushed . | . . . . . Highest Temperature 69 | . 48 . 69 62 Average Temperature 19 | . 14 . 19 21 Received Heat Transfer 1059 | . 201 . 336 522 Siege Activations . | . . . . . Martial Activations . | . . . . . Shielding Activations . | . . . . . Robots Disrupted . | . . . . . Combat Hostiles . | . . . . . Robots Corrupted . | . . . . . Combat Hostiles . | . . . . . Parts Fried . | . . . . . Impact Corruptions . | . . . . . Robots Melted . | . . . . . Combat Hostiles . | . . . . . Parts Melted . | . . . . . Heat Transferred 874 | . . . 425 449 Parts Sabotaged . | . . . . . Parts Stolen . | . . . . . Parts Stripped . | . . . . . Power Chain Reactions . | . . . . . Alert | -11 -10 -10 -9 -8 ------- Run | Yrd Mat Min Mat Mat Maximum Alert Level 1 | . . . . 1 Low Security (%) 88 | 100 100 100 100 61 Level 1 11 | . . . . 38 Level 2 . | . . . . . Level 3 . | . . . . . Level 4 . | . . . . . Level 5 . | . . . . . High Security . | . . . . . Max Security . | . . . . . Peak Influence 344 | . 65 17 140 344 Initial 54 | . . 17 . 54 Average 63 | . 21 10 57 137 Influence Increases 1016 | . 191 . 280 545 Destroy 0b10 Robot/C 500 | . 140 . 200 160 Destroy 0b10 Robot/NC 5 | . . . . 5 Destroy Leader 100 | . 30 . 50 20 Successful Hack 6 | . 6 . . . Disable Machine 60 | . . . . 60 Anti-Garrison Action 150 | . . . . 150 Destroy Structure 105 | . . . . 105 Lose Combat Pursuer 90 | . 15 . 30 45 Influence Decreases 713 | . 146 45 150 372 Entered New Map 104 | . . 28 . 76 Time Decay 419 | . 116 17 120 166 Lost Part 190 | . 30 . 30 130 Squads Dispatched 6 | . . . 3 3 Investigation . | . . . . . Extermination . | . . . . . Reinforcement 4 | . . . 3 1 Assault 2 | . . . . 2 Garrison . | . . . . . Intercept . | . . . . . Searches Triggered . | . . . . . Construction Impeded . | . . . . . Haulers Reinforced . | . . . . . Active Scanning Responses . | . . . . . Cargo Convoy Interrupts . | . . . . . Stealth | -11 -10 -10 -9 -8 --------- Run | Yrd Mat Min Mat Mat Distress Signals 2 | . . . . 2 Communications Jammed . | . . . . . Distress Signals . | . . . . . Times Spotted 53 | . 10 . 17 26 Peak Tracking Total 16 | . 4 . 5 16 Tactical Retreats 4 | . 1 . 1 2 Traps | -11 -10 -10 -9 -8 ------- Run | Yrd Mat Min Mat Mat Traps Triggered 2 | . . . 2 . Indirectly . | . . . . . Trap Hack Attempts . | . . . . . Triggered . | . . . . . Disarmed . | . . . . . Reprogrammed . | . . . . . Reused . | . . . . . Traps Extracted . | . . . . . Installed . | . . . . . Triggered . | . . . . . Machines | -11 -10 -10 -9 -8 ---------- Run | Yrd Mat Min Mat Mat Machines Disabled 5 | . . . . 5 Max in Single Turn 3 | . . . . 3 Garrison Access 1 | . . . . 1 Machines Repaired . | . . . . . Machines Dismantled . | . . . . . Machines Sabotaged . | . . . . . Overloaded Fab Kills . | . . . . . Hacking | -11 -10 -10 -9 -8 --------- Run | Yrd Mat Min Mat Mat Machines Accessed 5 | . 4 . . 1 Terminals 5 | . 4 . . 1 Fabricators . | . . . . . Repair Stations . | . . . . . Recycling Units . | . . . . . Scanalyzers . | . . . . . Garrison Access . | . . . . . Total Hacks 13 | . 12 . . 1 Successful 5 | . 4 . . 1 Failed 8 | . 8 . . . Catastrophic 1 | . 1 . . . Database Lockouts . | . . . . . Manual 6 | . 6 . . . Terminals 13 | . 12 . . 1 Fabricators . | . . . . . Repair Stations . | . . . . . Recycling Units . | . . . . . Scanalyzers . | . . . . . Garrison Access . | . . . . . Terminal Hacks 5 | . 4 . . 1 Record 4 | . 4 . . . Alert Level 1 | . . . . 1 Fabricator Hacks . | . . . . . Repair Station Hacks . | . . . . . Recycling Unit Hacks . | . . . . . Scanalyzer . | . . . . . Garrison Access Hacks . | . . . . . Unauthorized Hacks . | . . . . . Terminals . | . . . . . Fabricators . | . . . . . Repair Stations . | . . . . . Recycling Units . | . . . . . Scanalyzers . | . . . . . Garrison Access . | . . . . . Data Cores Recovered . | . . . . . Used . | . . . . . Hacking Detections 5 | . 4 . . 1 Full Trace Events . | . . . . . Feedback Events . | . . . . . Feedback Blocked . | . . . . . Robot Schematics Acquired . | . . . . . Robots Built . | . . . . . Authchips . | . . . . . Time . | . . . . . Total Robot Build Rating . | . . . . . Part Schematics Acquired . | . . . . . Parts Built . | . . . . . Authchips . | . . . . . Time . | . . . . . Total Part Build Rating . | . . . . . Parts Repaired . | . . . . . Time . | . . . . . Parts Recycled . | . . . . . Recycled Matter . | . . . . . Retrieved Matter . | . . . . . Retrieved Components . | . . . . . Parts Scanalyzed . | . . . . . Part Schematics Acquired . | . . . . . Parts Damaged . | . . . . . Bothacking | -11 -10 -10 -9 -8 ------------ Run | Yrd Mat Min Mat Mat Used RIF Installer . | . . . . . Robots Hacked . | . . . . . Non-combat . | . . . . . Combat . | . . . . . Robot Hacks Applied . | . . . . . Relay Couplers Released 3 | . . . . 3 Machine Destruction 3 | . . . . 3 Fabnet Peak Effective % . | . . . . . Robots Rewired . | . . . . . Allies Hacked . | . . . . . Hacks Repelled . | . . . . . Allies | -11 -10 -10 -9 -8 -------- Run | Yrd Mat Min Mat Mat Total Allies . | . . . . . Largest Group . | . . . . . Highest-Rated Group . | . . . . . Highest-Rated Ally . | . . . . . Total Orders . | . . . . . Ally Attacks . | . . . . . Total Damage . | . . . . . Kills . | . . . . . Allies Corrupted . | . . . . . Allies Melted . | . . . . . Intel | -11 -10 -10 -9 -8 ------- Run | Yrd Mat Min Mat Mat Active Infowar (turns) . | . . . . . Robot Analysis Total . | . . . . . Derelict Logs Recovered . | . . . . . Drone Launches . | . . . . . Drone Recoveries . | . . . . . Exploration | -11 -10 -10 -9 -8 ------------- Run | Yrd Mat Min Mat Mat Turns Passed 1177 | 73 399 45 310 350 Spaces Moved 661 | 53 245 34 151 178 Core 21 | 4 . . . 17 Treads . | . . . . . Legs 640 | 49 245 34 151 161 Wheels . | . . . . . Hover . | . . . . . Flight . | . . . . . Fastest Speed 50 | 50 120 120 120 100 Average Speed 121 | 114 120 120 120 127 Slowest Speed 300 | 120 190 120 120 300 Overloaded Moves . | . . . . . Propulsion Burnouts . | . . . . . Robots Hopped . | . . . . . Potential Cave-ins . | . . . . . Cave-ins Triggered . | . . . . . Exploration Rate (%) 17 | 4 47 8 16 14 Regions Visited 4 Branch Regions 1 Pre-discovered Areas . | . . . . . Known Exits Taken . | . . . . . Unknown Exits Taken 4 | 1 1 1 1 . Scrap Searched . | . . . . . Spaces Dug . | . . . . . Terrain Destroyed 140 | . . . . 140 Melee . | . . . . . Projectile 10 | . . . . 10 AOE 130 | . . . . 130 Terrain Rammed . | . . . . . Walls Destroyed . | . . . . . Machines Disabled . | . . . . . Actions | -11 -10 -10 -9 -8 --------- Run | Yrd Mat Min Mat Mat Total 878 | 62 306 38 221 251 Wait 65 | . 24 3 23 15 Move 657 | 52 244 33 150 178 Hop . | . . . . . Pick Up 17 | 4 8 1 . 4 Fast Attach 13 | 5 1 . 3 4 Attach 13 | 1 2 . 3 7 Detach . | . . . . . Swap 8 | . 1 . 7 . Drop 7 | . 1 1 3 2 Fire 84 | . 24 . 32 28 Melee . | . . . . . Ram . | . . . . . Kick 14 | . 1 . . 13 Crush . | . . . . . Escape Stasis . | . . . . . Rewire . | . . . . . Trap . | . . . . . Miscellaneous . | . . . . . Route ------- -11/Scrapyard -10/Materials -10/Mines -9/Materials -8/Materials History --------- Turn | Location | Event 17 | -11/Scrapyard | Discovered new exit (range 15) 74 | -11/Scrapyard | Entered Materials 75 | -10/Materials | Met a group of wandering Federalists 242 | -10/Materials | Discovered new exit (range 8) 304 | -10/Materials | Build established: Mutant 473 | -10/Materials | Entered Mines 480 | -10/Mines | Received a Rocket Launcher from a helpful Derelict 510 | -10/Mines | Discovered new exit (range 6) 518 | -10/Mines | Entered Materials 518 | -9/Materials | Evolved 2 slots: Propulsion x2 775 | -9/Materials | Discovered new exit (range 16) 828 | -9/Materials | Entered another Materials area 828 | -8/Materials | Evolved 2 slots: Utility x1, Weapon x1 832 | -8/Materials | Build established: Scavenger-Mutant 1091 | -8/Materials | Core integrity fell below 50% 1136 | -8/Materials | Lost 10 parts (1p4n5w) 1172 | -8/Materials | Core integrity fell below 20% 1178 | -8/Materials | Destroyed by G-50 Soldier with Heavy Laser Last Messages --------------- 01109_ K-01 Serf collects debris. 01110_ U-05 Engineer lays Concrete. 01112_ U-05 Engineer builds a Wall. 01116_ U-05 Engineer lays Concrete. 01117_ K-01 Serf collects debris. 01125_ Kicked K-01 Serf out of the way. 01138_ Acquired 4 matter. 01139_ Kicked L-31 Rogue out of the way. 01139_ L-31 Rogue destroyed. 01140_ Acquired 46 matter. 01142_ Acquired Imp. Aluminum Leg. 01143_ Kicked G-47 Trooper. 01148_ Kicked G-47 Trooper out of the way. 01158_ Aluminum Leg destroyed. 01160_ Acquired Hpw. Shotgun. 01163_ Aluminum Leg destroyed. 01168_ G-47 Trooper destroyed. 01172_ G-47 Trooper suffers critical hit (Burn). 01177_ Critical hit (Burn: +37). 01178_ G-47 Trooper destroyed. Map ----- +----------------------------------------------------+ | ????????????????????????????????????? # ???# | | ???????????????????????????????????? " ???# | | ???????????????????????????????????## # #### | | ?????????????????????????????????? " # # | | ?????????????????????????????????? "%" # # | | ?????????????????????????????????? " # | | ???????????????????????????????????? " # | | ?????????????????????????????????????#" # | | ????????????????????????????????????##" | | ????????????????????????????????????# " " | | ????????????????????????????????????# " %" | | ????????????????????????????????????##" | | ????????????????????????????????????# " " | | ????????????????????????????????????##" "" | | ?????????????????????????????????????#" " | | ?????????????????????????????????????###"" """" | | ???????????????????????????????????????##### # | | ???????????????????????????????????????????# ### | | ???????????????????????????????????????????##?# | | ??????????????????????????????????????????????## | | ???????????????????########????????????????##### | | ???????????????????#[= #####????????????# | | ???????????????????#[= gg # ############## """ | | ???????????????????#! =gig T! / """ | | ???????????????????# ggg# "########### # """ | | ???????????????????#= @## "##?????????# # | | ???????????????????# ! ## ##??????????# # | | ???????????????????######### #??????????## ####"# | | ???????????????????????????# #??????????# | | ???????????????????????????# #??????????# | | ???????????????????????????# #??????????# | | ???????????????????????????# #???????? + ###### | | ???????????????????????????# #????????? # #????? | | ???????????????????????????# #??????????# #????? | | ??????????????????????????## ############ #####? | | ??????????????????+######## !!#? | | ????????????? !!#? | | ????????????????????####### ]]#? | | ??????????????????????????###########+### ]#? | | ??????????????????????????????# # !!#? | | ??????????????????????????????# ] ! # !!#? | | ??????????????????????????????# # #####? | | ??????????????????????????????# #####????? | | ??????????????????????????????# """ """ #????????? | | ??????????????????????????????# "R """ #????????? | | ??????????????????????????????# """ """ #????????? | | ??????????????????????????????# #????????? | | ??????????????????????????????###########????????? | | ?????????????????????????????????????????????????? | | ?????????????????????????????????????????????????? | +----------------------------------------------------+ Best States ------------- Heat Dissipation 31 Energy Generation 14 Energy Capacity 250 Matter Stores 300 Matter Capacity 300 Sight Range 16 Terrain Scan Density 85 Evasion (%) 55 Item Schematics ----------------- None Robot Schematics ------------------ None Fabricated ------------ Nothing Repaired ---------- Nothing Alien Tech Used ----------------- None Achievements -------------- None Challenges ------------ None Game ------ Seed EnergyMissileDetonator Manual? 0 Play Time 00:21:18 Cumulative 14.9 hours Start 2025.07.21 @ 13:37:13 End 2025.07.21 @ 14:00:02 Sessions 1 Manual Loads 0 Difficulty Rogue Special Mode None Game No. 33 Rogue 33 Adventurer 0 Explorer 0 Win Type - Total 0 Types 0/0/0/0/0/0/0/0/0/0 Lore% 9 Gallery% 17 Achievement% 16 Wizard Run 0 Options --------- Layout 1 ASCII 0 Keyboard 1 Movement Numpad Keybinds 0 Fullscreen 2 Font 24/Smallcaps Map View 50x35 Zoom Use 0% Tactical HUD 1 Map Filters NONE Filters NONE Steam 1 RUN: 28d709f6-0670-436e-a6de-e5d031bc7787